AoeStats
← Victor Kenny

Arena

510105245Analyzed
2v2 RM · 2d ago on Sep 29, 2026· 42m 23s· 4 players
Game mode
Random Map
Map size
Medium (4 player)
Population
200
Speed
Normal
Resources
Standard
Victory
Conquest
Starting age
Dark Age
Ending age
Imperial Age
RankedLock teamsTeams togetherTeam positionsShared explorationLock speedFull tech treeHidden civsTurbo modeCheats
Victory
Defeat
🇭🇰 Ethiopians · Hong Kong SAR China
1482
+16
🇭🇰 Gurjaras · Hong Kong SAR China
1482
+16
🇨🇳 Spanish · China
1529
-18
🇮🇪 Armenians · Ireland
1428
-14
Victor Kenny
9:35 Feudal Age
13:30 Castle Age
11:31 Double-Bit Axe
12:35 Loom
21:20 Scale Barding Armor
21:16 Horse Collar
22:27 Husbandry
23:23 Bloodlines
25:24 Wheelbarrow
27:19 Chain Barding Armor
36:00 Imperial Age
34:05 Bow Saw
34:21 Town Watch
35:25 Hand Cart
36:21 Forging
36:38 Heavy Camel Rider
41:37 Gold Mining
41:38 Stone Mining
42:26 Heavy Plow
43:32 Plate Barding Armor
Harry Peter
10:03 Feudal Age
10:39 Double-Bit Axe
13:49 Fletching
15:48 Padded Archer Armor
21:17 Castle Age
20:37 Gold Mining
21:36 Crossbowman
22:13 Bodkin Arrow
23:34 Ballistics
23:19 Town Watch
25:11 Gold Shaft Mining
24:52 Bow Saw
26:03 Loom
27:38 Wheelbarrow
30:38 Horse Collar
31:58 Gold Shaft Mining
31:14 Stone Mining
33:35 Hand Cart
34:01 Heavy Plow
37:17 Imperial Age
36:38 Fervor
37:04 Leather Archer Armor
38:06 Thumb Ring
39:11 Chemistry
37:39 Arbalester
38:29 Bracer
41:37 Two-Man Saw
41:27 Ring Archer Armor
41:11 Scale Barding Armor
IWUDJA
9:37 Feudal Age
13:51 Castle Age
11:55 Double-Bit Axe
12:35 Horse Collar
13:53 Loom
18:31 Atonement
28:52 Town Watch
29:29 Bow Saw
30:49 Wheelbarrow
30:58 Fletching
32:40 Sanctity
34:53 Imperial Age
34:01 Hand Cart
34:03 Bodkin Arrow
34:41 Padded Archer Armor
37:47 Chemistry
37:16 Block Printing
37:04 Bracer
37:20 Leather Archer Armor
38:43 Conscription
38:46 Masonry
39:25 Heavy Plow
40:34 Ring Archer Armor
41:26 Gold Mining
41:27 Stone Mining
41:50 Fortified Wall
阿伟
10:54 Feudal Age
14:23 Castle Age
12:30 Double-Bit Axe
12:59 Horse Collar
15:33 Bow Saw
16:12 Heavy Plow
19:36 Padded Archer Armor
21:12 Leather Archer Armor
26:04 Stone Mining
26:49 Gold Mining
27:21 Loom
32:22 Elite Skirmisher
37:07 Fletching
38:19 Stone Shaft Mining
39:08 Wheelbarrow
39:37 Bodkin Arrow
40:11 Hand Cart
39:41 Town Watch
41:20 Ballistics
44:57 Imperial Age
42:15 Town Watch
42:09 Pikeman
Connection lost

Rejoining the realm…

Still unreachable

The connection could not be restored.

Session expired

The server has moved on; the page needs a fresh start.